 Dungeon Crawl Stone Soup version 0.21-a0-426-g98080a9 (webtiles) character file.

2041 slep the Slasher (level 9, -7/69 HPs)
             Began as a Barachi Fighter on Nov 8, 2017.
             Mangled by a moth of wrath (16 damage)
             ... on level 8 of the Dungeon.
             The game lasted 00:35:39 (6098 turns).

slep the Slasher (Barachi Fighter)                  Turns: 6098, Time: 00:35:40

Health: -7/69      AC: 10    Str: 14    XL:     9   Next: 24%
Magic:  9/9        EV:  9    Int:  8    God:    Xom [.....*]
Gold:   503        SH: 10    Dex: 16    Spells: 8/8 levels left

rFire    . . .     SeeInvis .   D - +1 broad axe (chaos)
rCold    . . .     Gourm    .   c - +0 shield
rNeg     . . .     Faith    .   b - +0 scale mail
rPois    .         Spirit   .   (no helmet)
rElec    .         Reflect  .   J - +0 cloak
rCorr    .         Harm     .   (no gloves)
MR       +....                  E - +0 pair of boots
Stlth    +.........             u - amulet of regeneration
HPRegen  0.61/turn              i - ring of protection from magic
MPRegen  0.11/turn              I - -3 ring of strength (curse)

@: slow
A: +LOS, swims, slowness 1, strong legs 1
a: Hop, Renounce Religion


You were on level 8 of the Dungeon.
You worshipped Xom.
You were Xom's teddy bear.
You were not hungry.

You visited 1 branch of the dungeon, and saw 8 of its levels.

You collected 503 gold pieces.

Inventory:

Hand Weapons
 a - a +0 long sword
 r - a cursed -2 short sword
 w - a +2 mace of crushing
 D - a +1 broad axe of chaos (weapon)
Missiles
 z - 10 tomahawks (quivered)
Armour
 b - a +0 scale mail (worn)
 c - a +0 shield (worn)
 t - a +0 cloak
 E - a +0 pair of boots (worn)
 J - a +0 cloak (worn)
Jewellery
 i - a ring of protection from magic (left hand)
 n - a +3 ring of dexterity
 s - a +3 amulet of reflection
 u - an amulet of regeneration (around neck)
 I - a cursed -3 ring of strength (right hand)
Wands
 F - a wand of polymorph (15/24)
Scrolls
 e - 4 scrolls of identify {unknown}
 g - a scroll of acquirement {unknown}
 h - 3 scrolls of magic mapping {unknown}
 j - a scroll of teleportation {unknown}
 k - 5 scrolls of remove curse {unknown}
 o - 2 scrolls of noise {unknown}
 q - 2 scrolls of blinking {unknown}
 v - a scroll of fog {unknown}
 x - 2 scrolls of amnesia {unknown}
 y - 2 scrolls of enchant weapon {unknown}
 G - a scroll of fear {unknown}
Potions
 d - a potion of might
 l - 2 potions of haste {unknown}
 m - 3 potions of heal wounds {unknown}
 p - a potion of brilliance {unknown}
 B - 4 potions of agility {unknown}
 K - a potion of curing {unknown}
 L - a potion of lignification {unknown}
 N - 2 potions of mutation {unknown}
Books
 C - a book of Minor Magic

   Spells                             Type                      Level
   a - Magic Dart                     Conjuration                  1
   b - Blink                          Translocation                2
   c - Call Imp                       Summoning                    2
   d - Slow                           Hexes                        2
   e - Conjure Flame                  Conjuration/Fire             3
   f - Mephitic Cloud                 Conjuration/Poison/Air       3
Comestibles
 f - 6 bread rations
 A - 11 fruits
 H - a meat ration
 M - 2 chunks of flesh


   Skills:
 + Level 6.1 Fighting
 + Level 7.4 Long Blades
 + Level 4.4 Axes
 + Level 7.2 Armour
 + Level 3.4 Dodging
 + Level 1.3 Stealth
 + Level 6.5 Shields


You had 8 spell levels left.
You didn't know any spells.

Dungeon Overview and Level Annotations

Branches:
Dungeon (8/15)             Temple (0/1) D:5
   Lair: D:8-11

Altars:
Uskayaw
Xom

Shops:
D:5 (   D:6 (:


Innate Abilities, Weirdness & Mutations

Shadows flee at your approach. (+LOS)
You can swim through water.
You cover ground slowly.
You can hop short distances.


Message History

The two-headed ogre is heavily wounded.
The two-headed ogre hits you with a giant spiked club!!
The two-headed ogre hits you with a giant spiked club!
You barely miss the two-headed ogre.
The two-headed ogre is heavily wounded.
You block the two-headed ogre's attack.
The two-headed ogre hits you with a giant spiked club!
* * * LOW HITPOINT WARNING * * *
You barely miss the two-headed ogre.
The two-headed ogre is heavily wounded. "This might be better!"
The two-headed ogre evaporates and reforms as a moth of wrath!
You block the moth of wrath's attack.
Your shield and scale mail prevent you from hitting the moth of wrath.
The moth of wrath closely misses you. You block the moth of wrath's attack.
You hit the moth of wrath. You drain the moth of wrath!
The moth of wrath is lightly wounded.
The moth of wrath bites you!
You die...
Xom is highly amused!

##########
#.........
############.######
##.................#
...#############@#.#
#### #y# #.# #.# #.#
#.# #.# #.+ ###


You could see a moth of wrath.

Vanquished Creatures
  Sigmund (D:3)
  A sky beast (D:7)
  A hornet zombie (D:7)
  An ogre (D:7)
  A phantom (D:5)
  A centaur (D:5)
  3 bullfrogs
  2 scorpions (D:5)
  6 killer bees (D:7)
  A crimson imp (D:5)
  A hound (D:5)
  Crazy Yiuf (D:3)
  3 orc wizards
  Natasha (thrice) (D:3)
  Terence (D:3)
  3 iguanas
  4 worker ants
  2 hound skeletons
  A worker ant zombie (D:7)
  7 gnolls (D:2)
  7 adders
  9 river rats (D:5)
  A shadow imp (D:6)
  2 oozes
  An adder skeleton (D:5)
  4 worms
  A dart slug (D:2)
  5 leopard geckos
  8 orcs
  10 bats
  5 giant cockroaches
  7 goblins
  6 hobgoblins
  7 jackals
  8 quokkas
  A ball python (D:4)
  4 frilled lizards
  12 kobolds
  A leopard gecko skeleton (D:6)
  A quokka skeleton (D:7)
  20 rats
164 creatures vanquished.

Vanquished Creatures (collateral kills)
  A crimson imp (D:7)
  An orc priest (D:5)
  A river rat (D:5)
  3 jackals (D:7)
  A quokka (D:7)
  A rat (D:5)
8 creatures vanquished.

Vanquished Creatures (others)
  The ghost of CowFu the Cleaver, an amateur HOFi (D:5)
  A worker ant (D:7)
  6 fungi (D:8)
  5 toadstools (D:8)
13 creatures vanquished.

Grand Total: 185 creatures vanquished

Notes
Turn   | Place    | Note
-------+----------+-------------------------------------------
     0 | D:1      | slep the Barachi Fighter began the quest for the Orb.
     0 | D:1      | Reached XP level 1. HP: 18/18 MP: 1/1
    52 | D:1      | Reached XP level 2. HP: 14/25 MP: 2/2
   534 | D:1      | Reached XP level 3. HP: 26/30 MP: 3/3
   873 | D:2      | Reached XP level 4. HP: 25/37 MP: 4/4
  1025 | D:2      | Reached XP level 5. HP: 16/42 MP: 5/5
  1242 | D:2      | Reached skill level 1 in Dodging
  1491 | D:3      | Found a runed door.
  1677 | D:3      | Noticed Terence
  1686 | D:3      | Killed Terence
  1743 | D:3      | Found a faded altar of an unknown god.
  1748 | D:3      | Became a worshipper of Xom of Chaos
  1774 | D:3      | Noticed Natasha
  1780 | D:3      | Killed Natasha
  2160 | D:3      | Reached XP level 6. HP: 47/48 MP: 6/6
  2217 | D:3      | Noticed Sigmund
  2231 | D:3      | Killed Sigmund
  2231 | D:3      | Reached skill level 5 in Long Blades
  2231 | D:3      | Reached skill level 5 in Armour
  2293 | D:3      | Noticed Natasha
  2311 | D:3      | Killed Natasha
  2545 | D:3      | Noticed Crazy Yiuf
  2554 | D:3      | Killed Crazy Yiuf
  2614 | D:3      | XOM is BORED!
  2669 | D:3      | Noticed Natasha
  2677 | D:3      | Killed Natasha
  2677 | D:3      | Reached XP level 7. HP: 40/55 MP: 7/7
  2824 | D:4      | XOM: confuse monster(s)
  2832 | D:4      | XOM: divination: detect items
  3521 | D:5      | Entered Level 5 of the Dungeon
  3548 | D:5      | XOM: harmless Pois miscast
  3558 | D:5      | Reached skill level 5 in Shields
  3574 | D:5      | XOM: harmless Fire miscast
  3587 | D:5      | XOM: divination: magic mapping
  3630 | D:5      | Killed CowFu's ghost
  3743 | D:5      | XOM: summons 3 friendly demons
  3869 | D:5      | Found Upti's Antique Weapon Emporium.
  3929 | D:5      | Reached skill level 5 in Fighting
  3929 | D:5      | Reached XP level 8. HP: 55/62 MP: 8/8
  4020 | D:5      | Noticed a hand axe
  4021 | D:5      | Noticed a dagger
  4024 | D:5      | Found a hide-covered altar of Uskayaw.
  4051 | D:5      | XOM: enchant monster (good)
  4052 | D:5      | XOM: cast spell 'Summon Horrible Things'
  4259 | D:5      | XOM: scenery: create altars
  4439 | D:5      | XOM: god gift: runed broad axe {god gift}
  4447 | D:5      | Found a staircase to the Ecumenical Temple.
  4624 | D:6      | XOM: scenery: 1 doors close
  4660 | D:6      | Found Roaniesy's Weapon Emporium.
  4779 | D:6      | XOM: potion effect (brilliance)
  4901 | D:6      | Reached skill level 1 in Axes
  5020 | D:6      | Found Zujynol's Book Shop.
  5470 | D:7      | Reached skill level 1 in Stealth
  5470 | D:7      | Reached XP level 9. HP: 25/69 MP: 9/9
  5479 | D:7      | XOM: cast spell 'Summon Horrible Things'
  5696 | D:7      | XOM: cleaving
  5830 | D:7      | XOM: scenery: 1 doors close
  6062 | D:8      | XOM: god gift: 4 large rocks
  6091 | D:8      | Noticed a two-headed ogre
  6096 | D:8      | Noticed a moth of wrath
  6096 | D:8      | a two-headed ogre changed into a moth of wrath
  6096 | D:8      | XOM: polymorph two-headed ogre -> moth of wrath
  6098 | D:8      | Mangled by a moth of wrath

Vault maps used:
D:1:      matt_arrival_diagonals, dk_noncrumbling_4
D:3:      chequers_ecumenical_altar_simple, uniq_sigmund,
          uniq_crazy_yiuf_cottage, uniq_terence, uniq_natasha
D:4:      minmay_door_path
D:5:      lemuel_ratsnest, dancing_weapons_uskayaw, lemuel_temple_firewalk_b,
          first_bread, serial_shops, shop_fountains, hex_large
D:6:      serial_shops, nicolae_shop_behind_doors, shop, serial_bayou_pond_e
D:7:      lemuel_another_geyser
D:8:      cheibrodos_fertilizer, serial_shops, shop, minmay_misc_feat_room

Skill      XL: |  1  2  3  4  5  6  7  8  9 |
---------------+----------------------------+-----
Long Blades    | 3 4 5 6 7 |  7.4
Armour         | 4 5 6 7 |  7.2
Shields        | 4 5 6 |  6.5
Fighting       | 4 5 6 |  6.1
Dodging        | 1 2 3 |  3.4
Axes           | 3 4 |  4.4
Stealth        | 1 |  1.3

Action                   |  1- 3 |  4- 6 |  7- 9 || total
-------------------------+-------+-------+-------++-------
Melee: Long sword        |    84 |   203 |   251 ||   538
       Broad axe         |       |       |   150 ||   150
 Stab: Distracted        |       |       |     1 ||     1
       Confused          |       |       |     1 ||     1
       Paralysed         |       |       |     1 ||     1
  Eat: Chunk             |       |     7 |    14 ||    21
Armor: Scale mail        |    42 |    72 |   164 ||   278
Dodge: Dodged            |    36 |    70 |   137 ||   243
Block: Shield            |    49 |   108 |   216 ||   373
       Reflection        |       |     1 |       ||     1
       Rpst.: Long sword |    11 |    16 |    27 ||    54

Table legend:
 A = Spawn XP
 B = Non-spawn XP
 C = Spawn XP percentage of total XP
 D = Spawn monster count
 E = Non-spawn monster count
 F = Spawn count percentage of total count
 G = Total turns spent on level
                    A         B        C        D         E        F      G
               +---------+---------+-------+---------+---------+-------+---------
         Total |       0 |    2916 |   0.0 |       0 |     173 |   0.0 |  6098
               +---------+---------+-------+---------+---------+-------+---------
           D:1 |       0 |      35 |   0.0 |       0 |      22 |   0.0 |   816
           D:2 |       0 |     176 |   0.0 |       0 |      29 |   0.0 |   600
           D:3 |       0 |     430 |   0.0 |       0 |      28 |   0.0 |  1267
           D:4 |       0 |     116 |   0.0 |       0 |      12 |   0.0 |   838
           D:5 |       0 |     747 |   0.0 |       0 |      43 |   0.0 |  1059
           D:6 |       0 |     274 |   0.0 |       0 |      11 |   0.0 |   639
           D:7 |       0 |    1138 |   0.0 |       0 |      28 |   0.0 |   843
               +---------+---------+-------+---------+---------+-------+---------
